 Dungeon Crawl Stone Soup version 0.30-a0-39-g42789b21ef (webtiles) character file.

Game seed: 7852678320994583996

427 nucleargodhead the Ruffian (level 6, -2/94 HPs)
             Began as a Troll Berserker on Aug 28, 2022.
             Was a Priest of Trog.
             Slain by a gnoll
             ... wielding a +0 halberd
              (9 damage)
             ... on level 4 of the Dungeon.
             The game lasted 00:03:05 (2499 turns).

nucleargodhead the Ruffian (Troll Berserker)        Turns: 2499, Time: 00:03:05

Health: -2/94      AC:  4    Str: 28    XL:     6   Next: 65%
Magic:  5/5        EV: 10    Int:  3    God:    Trog [***...]
Gold:   229        SH:  0    Dex:  9    Spells: 5/5 levels left

rFire   . . .      SeeInvis .      - Unarmed
rCold   . . .      Faith    .    (no shield)
rNeg    . . .      Spirit   .    a - +0 animal skin
rPois   .          Reflect  .    (helmet restricted)
rElec   .          Harm     .    (no cloak)
rCorr   .          Rampage  .    (gloves unavailable)
Will    .....                    (boots unavailable)
Stlth   ..........               (no amulet)
HPRegen 1.05/turn                n - ring of flight
MPRegen 0.09/turn                (no ring)

@: berserking, flying, very quick
A: large, unfitting armour, claws 3, regeneration 1, shaggy fur 1, tough skin 1
a: Renounce Religion, Berserk, Trog's Hand


You were on level 4 of the Dungeon.
You worshipped Trog.
Trog was most pleased with you.
You visited 1 branch of the dungeon, and saw 4 of its levels.

You collected 229 gold pieces.

Inventory:

Armour
 a - a +0 animal skin (worn)
Jewellery
 n - a ring of flight (left claw)
Scrolls
 b - 2 scrolls of silence {unknown}
 c - 7 scrolls of identify {unknown}
 e - 2 scrolls of poison {unknown}
 g - 2 scrolls of magic mapping {unknown}
 i - a scroll of blinking {unknown}
 l - a scroll of vulnerability {unknown}
Potions
 d - 3 potions of curing {unknown}
 f - a potion of mutation {unknown}
 h - 2 potions of attraction {unknown}
 j - a potion of might
 k - a potion of lignification {unknown}
 m - a potion of cancellation {unknown}
 o - a potion of invisibility {unknown}
 p - a potion of degeneration {unknown}


   Skills:
 + Level 4.7 Fighting
 - Level 2.4 Dodging
 + Level 5.7 Unarmed Combat


You had 5 spell levels left.
You didn't know any spells.
Your spell library was empty.

Dungeon Overview and Level Annotations

Branches:
Dungeon (4/15)
 Temple: D:4-7

Altars:
Gozag
Hepliaklqana
Sif Muna
Yredelemnul


Innate Abilities, Weirdness & Mutations

You are too large for most types of armour.
You have claws for hands.
Your natural rate of healing is unusually fast.
You are covered in fur. (AC +1)
You have tough skin. (AC +1)


Message History

The gnoll hits you with a +0 halberd.
The gnoll hits you from afar with a +0 spear.
The gnoll hits you with a +0 flail!
An adder comes into view.
You barely miss the gnoll.
The gnoll is moderately wounded.
The gnoll closely misses you. x2
The gnoll hits you from afar with a +0 spear.
You closely miss the gnoll.
The gnoll is moderately wounded.
The gnoll hits you but does no damage. x2; The gnoll hits you with a +0 flail.
You scratch the gnoll but do no damage.
The gnoll is moderately wounded.
The gnoll hits you from afar with a +0 spear.
The gnoll hits you with a +0 flail. The gnoll hits you with a +0 halberd.
You are too injured to fight recklessly!
You are too injured to fight recklessly!
You are too injured to fight recklessly!
A red film seems to cover your vision as you go berserk!
You feel yourself moving faster!
You feel mighty! The gnoll hits you with a +0 halberd.
The gnoll hits you from afar with a +0 spear.
The gnoll hits you with a +0 flail!
* * * LOW HITPOINT WARNING * * *
The adder bites you.
* * * LOW HITPOINT WARNING * * *
You claw the gnoll!
The gnoll is almost dead.
The gnoll barely misses you. The gnoll closely misses you.
The gnoll hits you with a +0 flail!
* * * LOW HITPOINT WARNING * * *
You closely miss the gnoll.
The gnoll is almost dead.
The adder bites you but does no damage.
You barely miss the gnoll.
The gnoll is almost dead.
The adder bites you but does no damage. The gnoll hits you with a +0 flail!
* * * LOW HITPOINT WARNING * * *
The gnoll hits you with a +0 halberd!
You die...

#..#
...#..........#
...#
.#.#.......####
....
#.........#
...#
##........# .
.#. #..########
....##.###
..........#
≈≈≈≈≈≈≈≈≈.#
≈......S@)#
≈.#.###g≈g# ≈
#. #g≈.# #
#.≈.# #.≈.#
#.≈.# ..≈.#
≈≈≈.#


You could see 3 gnolls and an adder.

Vanquished Creatures
  Grinder (D:3)
  Jessica (D:3)
  An iguana (D:4)
  An orc wizard (D:3)
  Robin (D:3)
  A gnoll (D:4)
  An adder (D:3)
  A worm (D:3)
  15 orcs (D:3)
  8 ball pythons
  5 endoplasms
  6 giant cockroaches
  16 goblins
  5 hobgoblins
  6 jackals (D:1)
  8 kobolds
  4 quokkas
  6 bats
  2 frilled lizards (D:1)
  2 rats (D:1)
91 creatures vanquished.

Notes
Turn   | Place    | Note
-------+----------+-------------------------------------------
     0 | D:1      | nucleargodhead the Troll Berserker began the quest for the
                  | Orb.
     0 | D:1      | Reached XP level 1. HP: 22/22 MP: 0/0
   216 | D:1      | Reached XP level 2. HP: 29/29 MP: 1/1
   405 | D:1      | You fall into a shaft and drop 1 floor!
   405 | D:2      | Found a faded altar of an unknown god.
   421 | D:2      | Reached ** piety under Trog
   440 | D:2      | Reached XP level 3. HP: 34/37 MP: 2/2
  1311 | D:3      | Identified the +1 leather armour "Mos Goet" {rPois rC- rN+}
  1345 | D:3      | Reached skill level 4 in Unarmed Combat
  1345 | D:3      | Reached XP level 4. HP: 28/45 MP: 3/3
  1577 | D:3      | Noticed Robin
  1586 | D:3      | Killed Robin
  1622 | D:3      | Reached *** piety under Trog
  1722 | D:3      | Noticed Grinder
  1723 | D:3      | Found a hazy altar of Hepliaklqana.
  1731 | D:3      | Killed Grinder
  1732 | D:3      | Reached skill level 5 in Unarmed Combat
  1732 | D:3      | Reached XP level 5. HP: 46/55 MP: 4/4
  1732 | D:3      | Reached XP level 6. HP: 53/63 MP: 5/5
  1808 | D:3      | Found an opulent altar of Gozag.
  2171 | D:3      | Noticed Jessica
  2178 | D:3      | Found a shimmering blue altar of Sif Muna.
  2189 | D:3      | Killed Jessica
  2349 | D:4      | Found a basalt altar of Yredelemnul.
  2499 | D:4      | Slain by a gnoll

Illustrated notes

Levels and vault maps discovered:
D:1:      erik_arrival_triangle_large, layout_basic
D:2:      layout_rooms, ebering_ecumenical_altar_ruins
D:3:      layout_loops_corners, tgw_sif, mainiacjoe_overflow_catch_the_wave,
          uniq_grinder, uniq_robin
D:4:      layout_basic, mainiacjoe_overflow_alcove_4,
          mainiacjoe_overflow_brackets, gup_sewer_entry_bubbles,
          mrwooster_statue_mirror, uniq_natasha

Skill      XL: |  1  2  3  4 |
---------------+-------------+-----
Fighting       | 3 4 |  4.7
Unarmed Combat | 4 5 |  5.7
Dodging        | |  2.4

Action                   |  1- 3 |  4- 6 || total
-------------------------+-------+-------++-------
Melee: Unarmed           |   101 |   110 ||   211
       Punch             |     1 |       ||     1
Invok: Berserk           |       |     1 ||     1
 Stab: Sleeping          |     1 |       ||     1
Armor: Animal skin       |    46 |    21 ||    67
Dodge: Dodged            |    54 |    37 ||    91

Table legend: (Time is in decaauts)
 A = Elapsed time spent in this place.
 B = Non-inter-level travel time spent in this place.
 C = Inter-level travel time spent in this place.
 D = Time resting spent in this place.
 E = Time spent auto-exploring this place.
 F = Levels seen in this place.
 G = Mean time per level.
                   A        B        C        D        E       F      G
               +--------+--------+--------+--------+--------+-----+--------+
         Total |   2481 |   2419 |     62 |    124 |   1817 |   4 |  620.2 |
       Dungeon |   2481 |   2419 |     62 |    124 |   1817 |   4 |  620.2 |
               +--------+--------+--------+--------+--------+-----+--------+

Top non-repeatable levels by time:
     D:3: 1081 daAuts
     D:1: 804 daAuts
     D:2: 415 daAuts
     D:4: 180 daAuts
